 Dungeon Crawl Stone Soup version 0.21.1-1-g345015f (webtiles) character file.

50 tidbits the Stinger (level 3, 0/25 HPs)
             Began as a Gnoll Venom Mage on Feb 6, 2018.
             Slain by a gnoll
             ... wielding a +0 halberd
              (2 damage)
             ... on level 3 of the Dungeon.
             The game lasted 00:05:58 (425 turns).

tidbits the Stinger (Gnoll Venom Mage)               Turns: 425, Time: 00:05:59

Health: 0/25       AC:  4    Str: 10    XL:     3   Next: 79%
Magic:  1/9        EV: 15    Int: 18    God:
Gold:   108        SH:  0    Dex: 17    Spells: 9/12 levels left

rFire    . . .     SeeInvis .   n - +0 falchion
rCold    . . .     Gourm    .   (no shield)
rNeg     . . .     Faith    .   g - +0 robe
rPois    .         Spirit   .   (no helmet)
rElec    .         Reflect  .   (no cloak)
rCorr    .         Harm     .   (no gloves)
MR       .....     Clarity  +   o - +1 pair of boots
Stlth    +++.......             (no amulet)
HPRegen  0.08/turn              (no ring)
MPRegen  0.11/turn              (no ring)

@: no status effects
A: distributed training, fangs 1, talons 1, agile 1, clarity, screaming 1,
strong nose
a: no special abilities


You were on level 3 of the Dungeon.
You were not hungry.

You visited 1 branch of the dungeon, and saw 4 of its levels.

You collected 108 gold pieces.

Inventory:

Hand Weapons
 a - a +0 dagger
 d - a +0 mace
 j - a +0 hunting sling
 n - a +0 falchion (weapon)
Missiles
 i - 23 stones (quivered)
Armour
 e - a +0 ring mail
 g - a +0 robe (worn)
 o - a +1 pair of boots (worn)
Books
 b - a Young Poisoner's Handbook

   Spells                             Type                      Level
   a - Sting                          Conjuration/Poison           1
   b - Poisonous Vapours              Poison/Air                   2
   c - Mephitic Cloud                 Conjuration/Poison/Air       3
   d - Olgreb's Toxic Radiance        Poison                       4
   e - Venom Bolt                     Conjuration/Poison           5
Comestibles
 c - 4 rations


   Skills:
 + Level 0.9 Fighting
 + Level 0.9 Short Blades
 + Level 0.9 Long Blades
 + Level 0.9 Axes
 + Level 0.9 Maces & Flails
 + Level 0.9 Polearms
 + Level 0.9 Staves
 + Level 0.9 Slings
 + Level 0.9 Bows
 + Level 0.9 Crossbows
 + Level 0.9 Throwing
 + Level 0.9 Armour
 + Level 4.5 Dodging
 + Level 4.2 Stealth
 + Level 0.9 Shields
 + Level 0.9 Unarmed Combat
 + Level 5.0 Spellcasting
 + Level 2.1 Conjurations
 + Level 0.6 Hexes
 + Level 0.6 Charms
 + Level 0.6 Summonings
 + Level 0.6 Necromancy
 + Level 0.6 Translocations
 + Level 0.6 Transmutations
 + Level 0.6 Fire Magic
 + Level 0.6 Ice Magic
 + Level 0.6 Air Magic
 + Level 0.6 Earth Magic
 + Level 5.4 Poison Magic
 + Level 1.0 Invocations
 + Level 0.9 Evocations


You had 9 spell levels left.
You knew the following spells:

 Your Spells              Type           Power        Failure   Level  Hunger
a - Sting                 Conj/Pois      ###.         2%          1    None
o - Poisonous Vapours     Pois/Air       ###...       6%          2    #......


Dungeon Overview and Level Annotations

Branches:
Dungeon (4/15)
 Temple: D:4-7

Altars:


Innate Abilities, Weirdness & Mutations

Your experience applies equally to all skills.
You have very sharp teeth.
Your uncanny sense of smell can sniff out nearby items.
You have sharp toenails.
You are agile. (Dex +2)
You possess an exceptional clarity of mind.
You occasionally shout uncontrollably at your foes.


Message History

Found 11 gold pieces.
Found 23 stones.
There is a stone staircase leading up here.
You climb upwards.
You bark at the jackal! 2 jackals come into view.
The jackal barks! x2; You hear a bark! 2 jackals come into view.
There is a stone staircase leading down here.
You climb downwards.
There is a stone staircase leading up here.
Unknown command.
There is a fountain of clear blue water here.
Things that are here:
23 stones; a ration
i - 23 stones;
c - 4 rations (gained 1)
You see here 11 gold pieces.
You now have 108 gold pieces (gained 11).
You open the door.
Found a potion of curing. 2 gnolls come into view.
Casting: Sting
Confirm with . or Enter, or press ? or * to list all spells.
Aiming: Sting
Press: ? - help, Shift-Dir - straight line, f - gnoll
Aim: a gnoll (resting)
The sting hits the gnoll.
The gnoll appears unharmed.
The gnoll shouts!
You bark at the gnoll!
A gnoll comes into view.
Casting: Sting
Confirm with . or Enter, or press ? or * to list all spells.
Aiming: Poisonous Vapours
Press: ? - help, Dir - move target cursor, f/p - gnoll
Aim: a gnoll Poisonous vapours surround the gnoll!
The gnoll is engulfed in poison gas.
The gnoll is poisoned.
Unknown command.
You hit the gnoll.
The gnoll is severely wounded.
The gnoll closely misses you.
You hit the gnoll.
You kill the gnoll!
Your Invocations skill increases to level 1!
The gnoll hits you!
Casting: Poisonous Vapours
Confirm with . or Enter, or press ? or * to list all spells.
Aiming: Poisonous Vapours
Press: ? - help, Dir - move target cursor, f - gnoll
Aim: a gnoll Poisonous vapours surround the gnoll!
The gnoll barely misses you.
The gnoll is engulfed in poison gas.
The gnoll is poisoned.
The gnoll hits you.
Casting: Poisonous Vapours
Confirm with . or Enter, or press ? or * to list all spells.
Aiming: Poisonous Vapours
Press: ? - help, Dir - move target cursor, f - gnoll
Aim: a gnoll, wielding a halberd Poisonous vapours surround the gnoll!
Unknown command.
You feel a bit more experienced.
You aren't carrying any potions.
Unknown command.
As you read the scroll labeled WYTWANGION, it crumbles to dust.
It is a scroll of enchant armour.
Your +0 pair of boots glows green for a moment.
The gnoll misses you.
You barely miss the gnoll. You bite the gnoll.
The gnoll is lightly wounded.
The gnoll hits you with a halberd!
* * * LOW HITPOINT WARNING * * *
The gnoll hits you but does no damage.
You barely miss the gnoll.
The gnoll is lightly wounded.
The gnoll closely misses you.
You riposte.
You closely miss the gnoll.
The gnoll is lightly wounded.
You closely miss the gnoll.
The gnoll is lightly wounded.
The gnoll hits you with a halberd!
* * * LOW HITPOINT WARNING * * *
You aren't carrying any potions.
Unknown command.
As you read the scroll labeled IJARRA LAIDOOT, it crumbles to dust.
You feel blessed for a moment.
It was a scroll of remove curse.
As you read the scroll labeled UCUAFE GUJAWKE, it crumbles to dust.
You feel aware of your surroundings.
It was a scroll of magic mapping.
The gnoll barely misses you.
You riposte.
You hit the gnoll.
The gnoll is moderately wounded.
As you read the scroll labeled BOGUEFF JOUBY, it crumbles to dust.
It is a scroll of identify.
e - a +0 ring mail The gnoll misses you.
You barely miss the gnoll.
The gnoll is moderately wounded.
The gnoll misses you.
You hit the gnoll.
The gnoll is heavily wounded.
The gnoll closely misses you.
You hit the gnoll. Your punch misses the gnoll. Your bite misses the gnoll.
The gnoll is severely wounded.
The gnoll hits you with a halberd.
You die...

,,**,,,,,*,,,,*#..,,,,,∆*##...<..
,,**,,,,,#....*#.#******* #......
,,+,,,,,,*....*#.# ##.⌠...⌠
,,**,,,,,*....*#.# #.......
,,*****+**,,..##.#########....⌠..
,,* *,**,,,.....,......'.......
,,* *..*#+##g#.#########.......
,,* *#.*#.##†#..............##.
,,* ####.*#)##!g@.............##.
,,* #....##.###############...##.
,,* #.......[.....## #...##. ***
#...#...#......# #...###
#...#...#......### #...#
#...#...#.)....'.# #...#
#...#...#......#.# #####
#...##..#......#.#
#...'..>#......#.#


You could see a gnoll.

Vanquished Creatures
  2 gnolls (D:3)
  An adder (D:3)
  3 orcs (D:3)
  A bat (D:1)
  3 goblins (D:3)
  A hobgoblin (D:3)
  4 jackals (D:3)
  2 kobolds (D:3)
  A rat (D:1)
18 creatures vanquished.

Notes
Turn   | Place    | Note
-------+----------+-------------------------------------------
     0 | D:1      | tidbits the Gnoll Venom Mage began the quest for the Orb.
     0 | D:1      | Reached XP level 1. HP: 13/13 MP: 6/6
   207 | D:3      | Reached skill level 2 in Conjurations
   207 | D:3      | Reached XP level 2. HP: 20/20 MP: 4/7
   213 | D:3      | Learned a level 2 spell: Poisonous Vapours
   332 | D:3      | Gained mutation: You have sharp toenails. [potion of mutation]
   332 | D:3      | Gained mutation: You occasionally shout uncontrollably at your foes. [potion of mutation]
   332 | D:3      | Gained mutation: You possess an exceptional clarity of mind. [potion of mutation]
   332 | D:3      | Gained mutation: You are agile. (Dex +2) [potion of mutation]
   338 | D:3      | Reached XP level 3. HP: 22/25 MP: 0/9
   347 | D:3      | Reached skill level 5 in Spellcasting
   410 | D:3      | Reached skill level 1 in Invocations
   419 | D:3      | HP: 1/25 [gnoll/halberd (7)]
   425 | D:3      | Slain by a gnoll

Skill      XL: |  1  2  3 |
---------------+----------+-----
Conjurations   | 2 |  2.1
Spellcasting   | 5 |  5.0
Invocations    | 1 |  1.0
Fighting       | |  0.9
Short Blades   | |  0.9
Long Blades    | |  0.9
Axes           | |  0.9
Maces & Flails | |  0.9
Polearms       | |  0.9
Staves         | |  0.9
Slings         | |  0.9
Bows           | |  0.9
Crossbows      | |  0.9
Throwing       | |  0.9
Armour         | |  0.9
Dodging        | |  4.5
Stealth        | |  4.2
Shields        | |  0.9
Unarmed Combat | |  0.9
Hexes          | |  0.6
Charms         | |  0.6
Summonings     | |  0.6
Necromancy     | |  0.6
Translocations | |  0.6
Transmutations | |  0.6
Fire Magic     | |  0.6
Ice Magic      | |  0.6
Air Magic      | |  0.6
Earth Magic    | |  0.6
Poison Magic   | |  5.4
Evocations     | |  0.9

Action                   || total
-------------------------++-------
Melee: Dagger            ||     3
       Falchion          ||    23
       Bite              ||     4
 Cast: Sting             ||    21
       Poisonous Vapours ||     5
  Use: Potion            ||     3
       Scroll            ||     4
Armor: Robe              ||     5
Dodge: Dodged            ||    33
       Rpst.: Falchion   ||     7

Table legend:
 A = Turns spent in this place as a percentage of turns spent in the entire game.
 B = Non-inter-level travel turns spent in this place as a percentage of non-inter-level travel turns spent in the entire game.
 C = Inter-level travel turns spent in this place as a percentage of turns spent in this place.
 D = Turns resting spent in this place as a percentage of non-inter-level travel turns spent in this place.
 E = Turns spent auto-exploring this place as a percentage of non-inter-level travel turns spent in this place.
 F = Non-inter-level travel turns spent in this place divided by the number of levels of this place that you've seen.
                   A       B       C       D       E      F
               +-------+-------+-------+-------+-------+----------------------
         Total | 100.0 | 100.0 |   0.5 |   0.0 |   0.0 | 105.8
       Dungeon | 100.0 | 100.0 |   0.5 |   0.0 |   0.0 | 105.8
               +-------+-------+-------+-------+-------+----------------------

Table legend:
 A = Kills in this place as a percentage of kills in entire the game.
 B = Kills by you in this place as a percentage of kills by you in the entire game.
 C = Kills by friends in this place as a percentage of kills by friends in the entire game.
 D = Other kills in this place as a percentage of other kills in the entire game.
 E = Experience gained in this place as a percentage of experience gained in the entire game.
 F = Experience gained in this place divided by the number of levels of this place that you have seen.
                   A       B       C       D       E      F
               +-------+-------+-------+-------+-------+----------------------
         Total | 100.0 | 100.0 |   N/A |   N/A | 100.0 |  18.0
       Dungeon | 100.0 | 100.0 |   N/A |   N/A | 100.0 |  18.0
               +-------+-------+-------+-------+-------+----------------------

Vault maps used:
D:1:      dpeg_arrival_oval, minmay_misc_feat_doors, minmay_misc_feat_room
D:2:      xom_teletrap_fun, minmay_pentomino_o2, uniq_sigmund, uniq_natasha
D:3:      grunt_ministairs_2
D:4:      lemuel_crystal_altar, lemuel_round_altar, first_ration, serial_shops,
          shop, shop, nicolae_shop_waterfront, shop, shop, minmay_misc_feat_rows
